 Dungeon Crawl Stone Soup version 0.29.1-12-g30fa7ad0bf (webtiles) character file.

Game seed: 14247132844559840913

130 Sanktem7 the Trooper (level 4, -4/42 HPs)
             Began as a Minotaur Fighter on Jan 7, 2023.
             Slain by an orc priest
             ... wielding a +0 flail
              (7 damage)
             ... on level 2 of the Dungeon.
             The game lasted 00:02:34 (1833 turns).

Sanktem7 the Trooper (Minotaur Fighter)             Turns: 1833, Time: 00:02:34

Health: -4/42      AC: 12    Str: 23    XL:     4   Next: 90%
Magic:  3/3        EV:  6    Int:  5    God:
Gold:   66         SH:  4    Dex:  9    Spells: 3/3 levels left

rFire   . . .      SeeInvis .   a - +0 war axe {axe}
rCold   . . .      Faith    .   c - +0 buckler
rNeg    . . .      Spirit   .   j - +0 plate armour
rPois   .          Reflect  .   (helmet restricted)
rElec   .          Harm     .   (no cloak)
rCorr   .          Rampage  .   (no gloves)
Will    .....                   (no boots)
Stlth   ..........              (no amulet)
HPRegen 0.14/turn               (no ring)
MPRegen 0.08/turn               (no ring)

@: no status effects
A: horns 2, retaliatory headbutt
a: no special abilities


You were on level 2 of the Dungeon.
You visited 1 branch of the dungeon, and saw 2 of its levels.

You collected 66 gold pieces.


Innate Abilities, Weirdness & Mutations

You have a pair of horns on your head.
You reflexively headbutt those who attack you in melee.


   Skills:
 * Level 5.2 Fighting
 * Level 4.2 Axes
 + Level 4.4 Armour
 - Level 3.6 Shields


You had 3 spell levels left.
You didn't know any spells.
Your spell library contained the following spells:

 Spells                   Type           Power      Damage    Failure   Level
 Freeze                   Ice            0%         1d3       100%        1
 Frozen Ramparts          Ice            0%         1d1       100%        3
 Flame Wave               Conj/Fire      0%         2d4       100%        4

Inventory:

Hand Weapons
 a - a +0 war axe (weapon) {axe}
 l - a +3 spear {polearm}
   (You took it off a gnoll on level 2 of the Dungeon)
Missiles
 b - 18 stones (quivered) {throwing}
 o - 2 poisoned darts {throwing}
Armour
 c - a +0 buckler (worn)
 j - a +0 plate armour (worn)
   (You found it on level 1 of the Dungeon)
Jewellery
 g - a ring of fire
   (You found it on level 1 of the Dungeon)
 h - a ring of willpower
   (You found it on level 1 of the Dungeon)
Scrolls
 e - 3 scrolls of identify {unknown}
 k - a scroll of teleportation {unknown}
 n - a scroll of torment {unknown}
Potions
 d - 2 potions of might
 f - a potion of brilliance {unknown}
 i - a potion of haste {unknown}
 m - a potion of mutation {unknown}

Dungeon Overview and Level Annotations

Branches:
Dungeon (2/15) Zot: 10125

Altars:

#..##.oo.. #.#
...#...og..#.#.#
##.#.......#.#.#
##.#..g....#.#.#
##.#.......#.#.#
##.#.......#.#.#
#.#.......#.#.#
#.#.......#.#.#######
#............oo@)...#
#####........######.#
########## #.# #.#
#.# #.# #.# #..


You could see an orc priest and an orc.


Message History

MASSIVE DAMAGE!! (PAUSE)
You slash the endoplasm!
You kill the endoplasm!
Your Fighting skill increases to level 5! 😮 HP[+1]
You now have 42 max hp (+1).
An endoplasm comes into view. 😮 HP[+1]
An endoplasm is nearby!
An endoplasm is nearby!
You are too injured to fight recklessly!
You are too injured to fight recklessly!
You are too injured to fight recklessly!
You are too injured to fight recklessly!
You are too injured to fight recklessly!
Unknown command.
An endoplasm is nearby!
An orc priest comes into view.
It is wielding a +1 flail of protection.
The endoplasm quivers.
The endoplasm closely misses you.
An orc wizard, 2 orc priests and 2 orcs come into view.
The orc wizard shouts!
The orc priest shouts! x2; The orc shouts! x2
You block the endoplasm's attack. The endoplasm barely misses you.
You furiously retaliate!
You headbutt the endoplasm, but do no damage.
You hit the endoplasm. The endoplasm freezes you.
You are frozen. 😮 HP[-2]
You take 2 damage, and now have 29/42 hp.
You slash the endoplasm!
You kill the endoplasm! 😮 HP[+1]
There are monsters nearby!
There are monsters nearby!
There are monsters nearby!
There are monsters nearby!
A gnoll comes into view.
It is wielding a +2 whip of electrocution.
The gnoll shouts! 😮 HP[+1] 😕 HP[+1] 2 gnolls come into view.
The gnoll shouts! x2 😕 HP[+1]
A frilled lizard comes into view.
The frilled lizard hisses angrily.
The gnoll hits you but does no damage.
The frilled lizard bites you but does no damage.
You barely miss the frilled lizard. You block the frilled lizard's attack.
The gnoll hits you but does no damage. 😕 HP[+1]
You barely miss the frilled lizard.
Your headbutt misses the frilled lizard.
The frilled lizard bites you.
The gnoll hits you but does no damage. 😕 HP[-1]
You take 1 damage, and now have 33/42 hp.
You closely miss the frilled lizard. You headbutt the frilled lizard.
You kill the frilled lizard!
The gnoll hits you from afar with a +0 spear. x2 😮 HP[-8]
You take 8 damage, and now have 25/42 hp.
The gnoll hits you but does no damage. x2 😮 HP[+1]
You slash the gnoll!
You kill the gnoll!
The gnoll barely misses you. The gnoll hits you with a +0 spear.
* * * LOW HITPOINT WARNING * * *
The gnoll hits you from afar with a +0 halberd.
* * * LOW HITPOINT WARNING * * *
Things that are here:
a +2 whip of electrocution {mace}; a gnoll corpse 😨 HP[-9]
You take 9 damage, and now have 17/42 hp.
MASSIVE DAMAGE!! (PAUSE)
You slash the gnoll!
You kill the gnoll!
You block the gnoll's attack. The gnoll hits you but does no damage.
You block the gnoll's attack.
You see here a +0 spear {polearm}.
You closely miss the gnoll.
You headbutt the gnoll, but do no damage.
The gnoll hits you with a +0 halberd!
* * * LOW HITPOINT WARNING * * *
😱 HP[-8]
You take 8 damage, and now have 9/42 hp.
You slash the gnoll! The gnoll hits you with a +0 halberd!
* * * LOW HITPOINT WARNING * * *
😱 HP[-6]
You take 6 damage, and now have 3/42 hp.
You closely miss the gnoll. The gnoll barely misses you.
You furiously retaliate!
You headbutt the gnoll, but do no damage.
You hit the gnoll but do no damage. The gnoll closely misses you.
The gnoll barely misses you.
You hit the gnoll. You headbutt the gnoll.
You kill the gnoll!
You barely miss the orc priest.
The orc priest hits you with a +0 flail!
You die...

Skill      XL: |  1  2  3  4 |
---------------+-------------+-----
Fighting       | 4 5 |  5.2
Axes           | 3 4 |  4.2
Armour         | 4 |  4.4
Shields        | |  3.6

Action                   |  1- 3 |  4- 6 || total
-------------------------+-------+-------++-------
Melee: War axe           |    68 |    41 ||   109
       Headbutt          |    12 |    10 ||    22
 Stab: Distracted        |     1 |       ||     1
Armor: Scale mail        |    17 |       ||    17
       Plate armour      |    32 |    16 ||    48
Dodge: Dodged            |    23 |    15 ||    38
Block: Buckler           |    12 |    10 ||    22

Levels and vault maps discovered:
D:1:      dpeg_arrival_water_fire, layout_basic,
          shapermc_ecumenical_altar_ellora
D:2:      cheibrodos_pilgrimage, layout_basic, st_stairs_6

Notes
Turn   | Place    | Note
-------+----------+-------------------------------------------
     0 | D:1      | Sanktem7 the Minotaur Fighter began the quest for the Orb.
     0 | D:1      | Reached XP level 1. HP: 19/19 MP: 0/0
     0 | D:1      | magus.rc [v1.9.6]
   133 | D:1      | Reached XP level 2. HP: 27/27 MP: 1/1
   214 | D:1      | Reached skill level 4 in Fighting
   297 | D:1      | Reached skill level 3 in Axes
   578 | D:1      | Reached skill level 4 in Armour
   595 | D:1      | Found a faded altar of an unknown god.
   609 | D:1      | Reached XP level 3. HP: 26/33 MP: 2/2
  1132 | D:2      | Reached XP level 4. HP: 11/41 MP: 3/3
  1448 | D:2      | Reached skill level 4 in Axes
  1754 | D:2      | You add the spells Freeze, Frozen Ramparts and Flame Wave
                  | to your library.
  1754 | D:2      | Got the Book of Kindling and the Snowflakes
  1776 | D:2      | Reached skill level 5 in Fighting
  1828 | D:2      | HP: 9/42 [gnoll/+0 halberd (8)]
  1829 | D:2      | HP: 3/42 [gnoll/+0 halberd (7)]
  1833 | D:2      | Slain by an orc priest

Vanquished Creatures
  6 gnolls (D:2)
  An adder (D:2)
  2 worms (D:2)
  2 dart slugs (D:1)
  6 endoplasms
  2 giant cockroaches
  7 goblins
  4 hobgoblins
  3 jackals (D:1)
  5 kobolds
  7 ball pythons
  5 bats
  4 frilled lizards
  3 rats
57 creatures vanquished.

Vanquished Creatures (others)
  A plant (D:1)
1 creature vanquished.

Grand Total: 58 creatures vanquished

Table legend:
 A = Non-vault XP
 B = Vault XP
 C = Vault XP percentage of total XP
 D = Non-vault monster count
 E = Vault monster count
 F = Vault count percentage of total count
                 A         B        C        D         E       F
            +---------+---------+-------+---------+---------+-------
      Total |     185 |       2 |   1.1 |      56 |       1 |   1.8
            +---------+---------+-------+---------+---------+-------
        D:1 |      49 |       0 |   0.0 |      27 |       0 |   0.0
        D:2 |     136 |       2 |   1.4 |      29 |       1 |   3.3
            +---------+---------+-------+---------+---------+-------

Illustrated notes

Table legend:
 A = Kills in this place as a percentage of kills in entire the game.
 B = Kills by you in this place as a percentage of kills by you in the entire game.
 C = Kills by friends in this place as a percentage of kills by friends in the entire game.
 D = Other kills in this place as a percentage of other kills in the entire game.
 E = Experience gained in this place as a percentage of experience gained in the entire game.
 F = Experience gained in this place divided by the number of levels of this place that you have seen.
                   A       B       C       D       E      F
               +-------+-------+-------+-------+-------+----------------------
         Total | 100.0 | 100.0 |   N/A |   N/A | 100.0 |  93.5
       Dungeon | 100.0 | 100.0 |   N/A |   N/A | 100.0 |  93.5
               +-------+-------+-------+-------+-------+----------------------

Table legend: (Time is in decaauts)
 A = Elapsed time spent in this place.
 B = Non-inter-level travel time spent in this place.
 C = Inter-level travel time spent in this place.
 D = Time resting spent in this place.
 E = Time spent auto-exploring this place.
 F = Levels seen in this place.
 G = Mean time per level.
                   A        B        C        D        E       F      G
               +--------+--------+--------+--------+--------+-----+--------+
         Total |   1873 |   1821 |     52 |      0 |   1477 |   2 |  936.5 |
       Dungeon |   1873 |   1821 |     52 |      0 |   1477 |   2 |  936.5 |
               +--------+--------+--------+--------+--------+-----+--------+

Top non-repeatable levels by time:
     D:1: 1099 daAuts
     D:2: 774 daAuts
